 Dungeon Crawl Stone Soup version 0.29.0-4-gdea44cf6ec (webtiles) character file.

Game seed: 11281489381318701590

179 qw the Chopper (level 5, 0/41 HPs)
             Began as a Ghoul Summoner on Sept 9, 2022.
             Slain by a giant cockroach (1 damage)
             ... on level 4 of the Dungeon.
             The game lasted 00:01:25 (3683 turns).

qw the Chopper (Ghoul Summoner)                     Turns: 3683, Time: 00:01:26

Health: 0/41       AC: 10    Str: 14    XL:     5   Next: 59%
Magic:  5/6        EV: 10    Int: 10    God:
Gold:   107        SH:  0    Dex:  9    Spells: 6/7 levels left

rFire   . . .      SeeInvis +   a - +0 hand axe
rCold   + . .      Faith    .   (no shield)
rNeg    + + +      Spirit   .   g - +1 ring mail {rPois}
rPois   inf        Reflect  .   (no helmet)
rElec   .          Harm     .   (no cloak)
rCorr   .          Rampage  .   (no gloves)
Will    .....                   (no boots)
Stlth   +.........              (no amulet)
HPRegen 0.00/turn               c - +4 ring of protection
MPRegen 0.10/turn               b - ring of see invisible

@: inhibited regen
A: claws 1, cold resistance 1, negative energy resistance 3, inhibited
regeneration, torment resistance 2, devour on kill
a: no special abilities


You were on level 4 of the Dungeon.
You visited 1 branch of the dungeon, and saw 4 of its levels.

You collected 152 gold pieces.
You spent 45 gold pieces at shops.


Innate Abilities, Weirdness & Mutations

You are immune to poison.
You have sharp fingernails.
Your flesh is cold resistant. (rC+)
You are immune to negative energy. (rN+++)
You do not regenerate when monsters are visible.
You are immune to unholy pain and torment.
You thrive by killing the living.


   Skills:
 + Level 2.0 Fighting
 - Level 4.2 Axes
 - Level 1.7 Dodging
 - Level 2.1 Stealth
 - Level 1.7 Spellcasting
 - Level 3.6 Summonings


You had 6 spell levels left.
You knew the following spells:

 Your Spells              Type           Power      Damage    Failure   Level
a - Summon Small Mammal   Summ           32%        N/A       16%         1

Your spell library contained the following spells:

 Spells                   Type           Power      Damage    Failure   Level
 Call Imp                 Summ           8%         N/A       22%         2
 Call Canine Familiar     Summ           8%         N/A       41%         3
 Summon Guardian Golem    Hex/Summ       4%         N/A       67%         3
 Summon Lightning Spire   Summ/Air       4%         N/A       97%         4

Inventory:

Hand Weapons
 a - a +0 hand axe (weapon)
 i - a +0 flail
Armour
 d - the +2 robe "Trusted Companion" {+Blink rF+ Str+2 Int+2}
   (You found it on level 2 of the Dungeon)

   Str:       It affects your strength (+2).
   Int:       It affects your intelligence (+2).
   rF:        It protects you from fire.
   +Blink:    It lets you blink.
 g - a +1 ring mail of poison resistance (worn)
Jewellery
 b - a ring of see invisible (right claw)
 c - a +4 ring of protection (left claw)
Scrolls
 e - 4 scrolls of identify
Potions
 f - 2 potions of mutation

Dungeon Overview and Level Annotations

Branches:
Dungeon (4/15)
 Temple: D:4-7

Altars:
Nemelex Xobeh
Trog

Shops:
D:4 (

Annotations:
D:3 3 runed translucent doors, qw's ghost, amateur GrFi
D:4 Grinder


Message History

Grinder blinks!
You barely miss the iguana.
The iguana is heavily wounded.
You miss the adder.
Your surroundings suddenly seem different.
A gnoll, 2 giant cockroaches and an endoplasm come into view.
Found 2 stones and 6 gold pieces.
The gnoll shouts!
The endoplasm quivers.
You hear a shout!
The giant cockroach bites you but does no damage.
Enter note:
3678 ||| READING scroll of teleportation.
As you read the scroll of teleportation, it crumbles to dust.
You feel strangely unstable.
A ball python comes into view.
The giant cockroach bites you but does no damage.
The ball python moves out of view.
You hit the giant cockroach but do no damage. x2
The giant cockroach barely misses you.
The giant cockroach bites you but does no damage. x2
You closely miss the giant cockroach. You hit the giant cockroach.
You hit the endoplasm.
The giant cockroach bites you but does no damage.
The endoplasm freezes you.
You are frozen.
You resist.
The giant cockroach bites you but does no damage. x2
The gnoll hits you but does no damage. The endoplasm hits you.
You completely miss the endoplasm.
The endoplasm is heavily wounded.
You closely miss the giant cockroach. You hit the giant cockroach.
Your surroundings seem slightly different.
The endoplasm hits you but does no damage.
You completely miss the endoplasm.
The endoplasm is heavily wounded.
You closely miss the giant cockroach. The giant cockroach barely misses you.
The endoplasm hits you but does no damage.
The gnoll hits you but does no damage. The giant cockroach bites you.
You die...

## #####.#####
.S.........
#.........#
#.........#
#.........#####..
#.......@........
##.....gJBB#####..
...........#
...........#
...........#
....##.#.### ###
$...# .#.### ..#.


You could see a gnoll, an endoplasm, 2 giant cockroaches and a ball python
(wandering).

Vanquished Creatures
  A necrophage (D:4)
  A howler monkey (D:4)
  2 adders (D:3)
  A worm (D:3)
  3 orcs (D:3)
  4 bats
  2 endoplasms
  3 giant cockroaches
  3 hobgoblins
  4 quokkas
  3 ball pythons
  2 kobolds
  A rat (D:2)
30 creatures vanquished.

Vanquished Creatures (collateral kills)
  An adder (D:2)
  An endoplasm (D:1)
  A giant cockroach (D:2)
  3 goblins
  A hobgoblin (D:1)
  2 ball pythons (D:1)
  2 bats
  3 frilled lizards
  2 rats (D:1)
16 creatures vanquished.

Grand Total: 46 creatures vanquished

Notes
Turn   | Place    | Note
-------+----------+-------------------------------------------
     0 | D:1      | qw the Ghoul Summoner began the quest for the Orb.
     0 | D:1      | Reached XP level 1. HP: 14/14 MP: 2/2
     0 | D:1      | 0 ||| qw: Version: 0.1-a-113-g051387a
     0 | D:1      | 0 ||| qw: Game counter: 7187
     0 | D:1      | 0 ||| qw: Always use a shield: true
     0 | D:1      | 0 ||| qw: God list: Okawaru
     0 | D:1      | 0 ||| qw: Allow faded altars: false
     0 | D:1      | 0 ||| qw: Do Orc after D:15 true
     0 | D:1      | 0 ||| qw: Do second Lair branch before Depths: true
     0 | D:1      | 0 ||| qw: Lair rune preference: random
     0 | D:1      | 0 ||| qw: Plans: Normal
     0 | D:1      | 0 ||| PLANNING D:1-11
     5 | D:1      | 5 ||| CASTING Summon Small Mammal
     6 | D:1      | 6 ||| CASTING Summon Small Mammal
    53 | D:1      | 53 ||| CASTING Summon Small Mammal
    54 | D:1      | 54 ||| CASTING Summon Small Mammal
    66 | D:1      | 66 ||| CASTING Summon Small Mammal
   130 | D:1      | 130 ||| CASTING Summon Small Mammal
   131 | D:1      | 131 ||| CASTING Summon Small Mammal
   185 | D:1      | 185 ||| CASTING Summon Small Mammal
   186 | D:1      | 186 ||| CASTING Summon Small Mammal
   190 | D:1      | Reached skill level 1 in Axes
   219 | D:1      | 219 ||| Wielding weapon +0 dagger.
   222 | D:1      | 222 ||| CASTING Summon Small Mammal
   223 | D:1      | 223 ||| CASTING Summon Small Mammal
   233 | D:1      | HP: 3/14 [hobgoblin (5)]
   234 | D:1      | 234 ||| CASTING Summon Small Mammal
   234 | D:1      | HP: 1/14 [hobgoblin (2)]
   546 | D:1      | 546 ||| CASTING Summon Small Mammal
   547 | D:1      | 547 ||| CASTING Summon Small Mammal
   554 | D:1      | Reached XP level 2. HP: 22/22 MP: 0/3
   592 | D:1      | 592 ||| CASTING Summon Small Mammal
   593 | D:1      | 593 ||| CASTING Summon Small Mammal
   594 | D:1      | 594 ||| CASTING Summon Small Mammal
   598 | D:1      | Reached skill level 1 in Fighting
   640 | D:1      | 640 ||| CASTING Summon Small Mammal
   641 | D:1      | 641 ||| CASTING Summon Small Mammal
   642 | D:1      | 642 ||| CASTING Summon Small Mammal
   687 | D:1      | 687 ||| CASTING Summon Small Mammal
   688 | D:1      | 688 ||| CASTING Summon Small Mammal
   689 | D:1      | 689 ||| CASTING Summon Small Mammal
   873 | D:1      | 873 ||| SWAPPING to +0 club.
   874 | D:1      | 874 ||| DROPPING +0 dagger.
   879 | D:1      | 879 ||| Stepping ~*~*~tactically~*~*~ (stealth).
   881 | D:1      | 881 ||| CASTING Summon Small Mammal
   882 | D:1      | 882 ||| Stepping ~*~*~tactically~*~*~ (stealth).
   883 | D:1      | 883 ||| CASTING Summon Small Mammal
   884 | D:1      | 884 ||| CASTING Summon Small Mammal
   905 | D:1      | 905 ||| CASTING Summon Small Mammal
   906 | D:1      | 906 ||| CASTING Summon Small Mammal
   953 | D:1      | 953 ||| CASTING Summon Small Mammal
   954 | D:1      | 954 ||| CASTING Summon Small Mammal
   955 | D:1      | 955 ||| CASTING Summon Small Mammal
  1032 | D:1      | 1032 ||| Stepping ~*~*~tactically~*~*~ (stealth).
  1034 | D:1      | 1034 ||| Stepping ~*~*~tactically~*~*~ (stealth).
  1036 | D:1      | 1036 ||| CASTING Summon Small Mammal
  1037 | D:1      | 1037 ||| CASTING Summon Small Mammal
  1038 | D:1      | 1038 ||| CASTING Summon Small Mammal
  1047 | D:1      | 1047 ||| CASTING Summon Small Mammal
  1202 | D:1      | 1202 ||| CASTING Summon Small Mammal
  1203 | D:1      | 1203 ||| CASTING Summon Small Mammal
  1204 | D:1      | 1204 ||| CASTING Summon Small Mammal
  1370 | D:1      | 1370 ||| CASTING Summon Small Mammal
  1371 | D:1      | 1371 ||| CASTING Summon Small Mammal
  1372 | D:1      | 1372 ||| CASTING Summon Small Mammal
  1419 | D:1      | 1419 ||| CASTING Summon Small Mammal
  1420 | D:1      | 1420 ||| CASTING Summon Small Mammal
  1421 | D:1      | 1421 ||| CASTING Summon Small Mammal
  1431 | D:1      | 1431 ||| CASTING Summon Small Mammal
  1478 | D:1      | 1478 ||| CASTING Summon Small Mammal
  1479 | D:1      | 1479 ||| CASTING Summon Small Mammal
  1480 | D:1      | 1480 ||| CASTING Summon Small Mammal
  1625 | D:1      | 1625 ||| UPGRADING to +0 ring mail.
  1635 | D:1      | 1635 ||| DROPPING +0 robe.
  1636 | D:1      | 1636 ||| UPGRADING to +1 ring mail of poison resistance.
  1646 | D:1      | 1646 ||| DROPPING +0 ring mail.
  1647 | D:1      | 1647 ||| READING 2 scrolls labelled WOFOZY RESSE.
  1650 | D:1      | 1650 ||| READING scroll labelled UNIOT KEPNIHUC.
  1651 | D:1      | 1651 ||| READING 5 scrolls labelled UNINOS FIGO.
  1652 | D:1      | 1652 ||| READING scroll labelled JUADWUVV OXZO.
  1653 | D:1      | 1653 ||| READING scroll labelled VOYTA IFU FYAD.
  1654 | D:1      | 1654 ||| READING 4 scrolls of identify.
  1654 | D:1      | 1654 ||| IDENTIFYING fuming green potion
  1655 | D:1      | 1655 ||| READING 3 scrolls of identify.
  1655 | D:1      | 1655 ||| IDENTIFYING blue potion
  1656 | D:1      | 1656 ||| DROPPING potion of magic.
  1657 | D:1      | 1657 ||| DROPPING potion of ambrosia.
  1658 | D:1      | 1658 ||| DROPPING potion of degeneration.
  1687 | D:2      | 1687 ||| Stepping ~*~*~tactically~*~*~ (stealth).
  1697 | D:2      | 1697 ||| CASTING Summon Small Mammal
  1698 | D:2      | 1698 ||| CASTING Summon Small Mammal
  1699 | D:2      | 1699 ||| CASTING Summon Small Mammal
  1708 | D:2      | 1708 ||| CASTING Summon Small Mammal
  1763 | D:2      | 1763 ||| Stepping ~*~*~tactically~*~*~ (stealth).
  1764 | D:2      | 1764 ||| CASTING Summon Small Mammal
  1765 | D:2      | 1765 ||| CASTING Summon Small Mammal
  1766 | D:2      | 1766 ||| CASTING Summon Small Mammal
  1776 | D:2      | Reached skill level 2 in Axes
  1776 | D:2      | Reached XP level 3. HP: 28/28 MP: 1/4
  1776 | D:2      | 1776 ||| CASTING Summon Small Mammal
  1849 | D:2      | 1849 ||| SWAPPING to +0 spear.
  1850 | D:2      | 1850 ||| DROPPING +0 club.
  1860 | D:2      | 1860 ||| CASTING Summon Small Mammal
  1861 | D:2      | 1861 ||| CASTING Summon Small Mammal
  1862 | D:2      | 1862 ||| CASTING Summon Small Mammal
  1863 | D:2      | 1863 ||| CASTING Summon Small Mammal
  1871 | D:2      | 1871 ||| CASTING Summon Small Mammal
  1953 | D:2      | Found a faded altar of an unknown god.
  2006 | D:2      | 2006 ||| CASTING Summon Small Mammal
  2007 | D:2      | 2007 ||| CASTING Summon Small Mammal
  2008 | D:2      | 2008 ||| CASTING Summon Small Mammal
  2009 | D:2      | 2009 ||| Stepping ~*~*~tactically~*~*~ (outnumbered).
  2010 | D:2      | 2010 ||| CASTING Summon Small Mammal
  2017 | D:2      | 2017 ||| CASTING Summon Small Mammal
  2028 | D:2      | 2028 ||| CASTING Summon Small Mammal
  2204 | D:2      | 2204 ||| CASTING Summon Small Mammal
  2205 | D:2      | 2205 ||| CASTING Summon Small Mammal
  2206 | D:2      | 2206 ||| CASTING Summon Small Mammal
  2207 | D:2      | 2207 ||| CASTING Summon Small Mammal
  2261 | D:2      | 2261 ||| CASTING Summon Small Mammal
  2262 | D:2      | 2262 ||| CASTING Summon Small Mammal
  2263 | D:2      | 2263 ||| CASTING Summon Small Mammal
  2264 | D:2      | 2264 ||| CASTING Summon Small Mammal
  2307 | D:2      | 2307 ||| CASTING Summon Small Mammal
  2308 | D:2      | 2308 ||| CASTING Summon Small Mammal
  2309 | D:2      | 2309 ||| CASTING Summon Small Mammal
  2310 | D:2      | 2310 ||| CASTING Summon Small Mammal
  2318 | D:2      | 2318 ||| CASTING Summon Small Mammal
  2376 | D:2      | Identified the +2 robe "Trusted Companion" {+Blink rF+
                  | Str+2 Int+2}
  2461 | D:2      | 2461 ||| UPGRADING to +4 ring of protection.
  2462 | D:2      | 2462 ||| READING 2 scrolls of identify.
  2462 | D:2      | 2462 ||| IDENTIFYING fuming black potion
  2463 | D:2      | 2463 ||| DROPPING potion of attraction.
  2476 | D:3      | 2476 ||| SWAPPING to +0 hand axe.
  2477 | D:3      | 2477 ||| DROPPING +0 spear.
  2494 | D:3      | 2494 ||| Stepping ~*~*~tactically~*~*~ (stealth).
  2507 | D:3      | 2507 ||| CASTING Summon Small Mammal
  2509 | D:3      | 2509 ||| CASTING Summon Small Mammal
  2510 | D:3      | 2510 ||| CASTING Summon Small Mammal
  2512 | D:3      | 2512 ||| CASTING Summon Small Mammal
  2518 | D:3      | 2518 ||| CASTING Summon Small Mammal
  2573 | D:3      | Found a bloodstained altar of Trog.
  2585 | D:3      | 2585 ||| CASTING Summon Small Mammal
  2586 | D:3      | 2586 ||| CASTING Summon Small Mammal
  2587 | D:3      | 2587 ||| CASTING Summon Small Mammal
  2737 | D:3      | 2737 ||| Stepping ~*~*~tactically~*~*~ (stealth).
  2739 | D:3      | 2739 ||| CASTING Summon Small Mammal
  2740 | D:3      | 2740 ||| CASTING Summon Small Mammal
  2741 | D:3      | 2741 ||| CASTING Summon Small Mammal
  2742 | D:3      | 2742 ||| CASTING Summon Small Mammal
  2750 | D:3      | 2750 ||| CASTING Summon Small Mammal
  2798 | D:3      | 2798 ||| CASTING Summon Small Mammal
  2799 | D:3      | 2799 ||| CASTING Summon Small Mammal
  2800 | D:3      | 2800 ||| CASTING Summon Small Mammal
  2801 | D:3      | 2801 ||| CASTING Summon Small Mammal
  2858 | D:3      | Found a sparkling altar of Nemelex Xobeh.
  2862 | D:3      | Reached XP level 4. HP: 36/36 MP: 5/5
  2982 | D:3      | 2982 ||| CASTING Summon Small Mammal
  2983 | D:3      | 2983 ||| CASTING Summon Small Mammal
  2984 | D:3      | 2984 ||| CASTING Summon Small Mammal
  2985 | D:3      | 2985 ||| CASTING Summon Small Mammal
  2986 | D:3      | 2986 ||| CASTING Summon Small Mammal
  3078 | D:3      | 3078 ||| DROPPING +0 club.
  3088 | D:3      | Found a runed translucent gate.
  3088 | D:3      | Found a runed translucent gate.
  3088 | D:3      | Found a runed translucent gate.
  3091 | D:3      | Noticed qw's ghost (amateur GrFi)
  3091 | D:3      | Identified the +5 sling "Gienar" {freeze, Fragile +Blink
                  | Int+4}
  3143 | D:3      | 3143 ||| CASTING Summon Small Mammal
  3144 | D:3      | 3144 ||| CASTING Summon Small Mammal
  3180 | D:3      | 3180 ||| CASTING Summon Small Mammal
  3181 | D:3      | 3181 ||| CASTING Summon Small Mammal
  3183 | D:3      | 3183 ||| CASTING Summon Small Mammal
  3184 | D:3      | 3184 ||| CASTING Summon Small Mammal
  3272 | D:3      | 3272 ||| CASTING Summon Small Mammal
  3273 | D:3      | 3273 ||| CASTING Summon Small Mammal
  3274 | D:3      | 3274 ||| CASTING Summon Small Mammal
  3275 | D:3      | 3275 ||| CASTING Summon Small Mammal
  3276 | D:3      | 3276 ||| CASTING Summon Small Mammal
  3545 | D:3      | 3545 ||| UPGRADING to ring of see invisible.
  3546 | D:3      | 3546 ||| DRINKING 3 sedimented red potions.
  3568 | D:4      | Found Qaviux's Weapon Shop.
  3572 | D:4      | 3572 ||| BUYING +0 flail (45 gold).
  3572 | D:4      | Bought a +0 flail for 45 gold pieces
  3572 | D:4      | 3572 ||| SHOPLISTING +2 hand axe of electrocution (253
                  | gold, have 107).
  3572 | D:4      | 3572 ||| DROPPING +0 mace.
  3641 | D:4      | Noticed a necrophage
  3642 | D:4      | 3642 ||| CASTING Summon Small Mammal
  3643 | D:4      | 3643 ||| CASTING Summon Small Mammal
  3647 | D:4      | Noticed Grinder
  3653 | D:4      | Reached skill level 3 in Axes
  3653 | D:4      | Reached XP level 5. HP: 41/41 MP: 4/6
  3653 | D:4      | 3653 ||| Stepping ~*~*~tactically~*~*~ (hiding).
  3654 | D:4      | 3654 ||| CASTING Summon Small Mammal
  3655 | D:4      | 3655 ||| CASTING Summon Small Mammal
  3668 | D:4      | Reached skill level 4 in Axes
  3672 | D:4      | HP: 7/41 [iguana (11)]
  3673 | D:4      | 3673 ||| READING 2 scrolls of teleportation.
  3678 | D:4      | 3678 ||| READING scroll of teleportation.
  3680 | D:4      | HP: 3/41 [frozen (1)]
  3680 | D:4      | HP: 1/41 [endoplasm (2)]
  3683 | D:4      | Slain by a giant cockroach

Levels and vault maps discovered:
D:1:      noname_arrival_rooms_in_the_neighbourhood, layout_basic,
          dk_noncrumbling_3
D:2:      layout_rooms, dreamdust_ecumenical_altar_grove
D:3:      layout_basic, nemelex_diamond_rough_becter,
          mainiacjoe_overflow_24_doors, biasface_ghost_orc_armoury
D:4:      layout_loops_ring, kennysheep_mini_moat,
          mainiacjoe_overflow_two_lobes, serial_shops,
          nicolae_shop_hallway_stairs, uniq_grinder, uniq_robin

Skill      XL: |  1  2  3  4  5 |
---------------+----------------+-----
Axes           | 1 2 3 4 |  4.2
Fighting       | 1 2 |  2.0
Dodging        | |  1.7
Stealth        | |  2.1
Spellcasting   | |  1.7
Summonings     | |  3.6

Action                   |  1- 3 |  4- 6 || total
-------------------------+-------+-------++-------
Melee: Dagger            |    18 |       ||    18
       Unarmed           |    10 |       ||    10
       Club              |    37 |       ||    37
       Punch             |     1 |       ||     1
       Spear             |    30 |       ||    30
       Hand axe          |    19 |    67 ||    86
 Cast: Summon Small Mamm |    85 |    17 ||   102
  Use: Scroll            |     8 |     2 ||    10
       Potion            |       |     1 ||     1
 Stab: Distracted        |     1 |     1 ||     2
Armor: Robe              |    12 |       ||    12
       Ring mail         |    43 |    36 ||    79
Dodge: Dodged            |    99 |    36 ||   135

Table legend:
 A = Non-vault XP
 B = Vault XP
 C = Vault XP percentage of total XP
 D = Non-vault monster count
 E = Vault monster count
 F = Vault count percentage of total count
                 A         B        C        D         E       F
            +---------+---------+-------+---------+---------+-------
      Total |     256 |       0 |   0.0 |      46 |       0 |   0.0
            +---------+---------+-------+---------+---------+-------
        D:1 |      29 |       0 |   0.0 |      19 |       0 |   0.0
        D:2 |      30 |       0 |   0.0 |      11 |       0 |   0.0
        D:3 |      52 |       0 |   0.0 |      13 |       0 |   0.0
        D:4 |     145 |       0 |   0.0 |       3 |       0 |   0.0
            +---------+---------+-------+---------+---------+-------
